 Dungeon Crawl Stone Soup version 0.30.0-10-gfe55d96785 (webtiles) character file.

Game seed: 15768489047207811398

161 Byczy the Magician (level 5, -1/28 HPs)
             Began as a Deep Elf Fire Elementalist on May 15, 2023.
             Slain by an ogre
             ... wielding a +0 giant spiked club
              (21 damage)
             ... on level 3 of the Dungeon.
             The game lasted 00:08:10 (2114 turns).

Byczy the Magician (Deep Elf Fire Elementalist)     Turns: 2114, Time: 00:08:14

Health: -1/28      AC:  2    Str:  5    XL:     5   Next: 19%
Magic:  8/14       EV: 12    Int: 22    God:
Gold:   126        SH:  0    Dex: 15    Spells: 11/14 levels left

rFire   . . .        h - +0 dagger (protect)
rCold   . . .        p - orb {mayhem}
rNeg    . . .        a - +0 robe
rPois   .            (no helmet)
rElec   .            (no cloak)
rCorr   +            (no gloves)
SInv    .            (no boots)
Will    .....        i - amulet of the acrobat
Stlth   ++           n - ring of resist corrosion
HPRegen 0.24/turn    (no ring)
MPRegen 0.14/turn

%: mayhem, acrobat
@: no status effects
A: no striking features
a: no special abilities


You were on level 3 of the Dungeon.
You visited 1 branch of the dungeon, and saw 3 of its levels.

You collected 126 gold pieces.

Inventory:

Hand Weapons
 h - a +0 dagger of protection (weapon)
Armour
 a - a +0 robe (worn)
 f - a +2 leather armour of cold resistance
 p - an orb of mayhem (worn)
 u - the +0 scale mail of Corih {Str+8 Dex+3}
   (You found it on level 2 of the Dungeon)

   Str:       It affects your strength (+8).
   Dex:       It affects your dexterity (+3).
 y - a +0 barding
Jewellery
 i - an amulet of the acrobat (around neck)
 n - a ring of resist corrosion (left hand)
Wands
 A - a wand of flame (4)
Scrolls
 c - 2 scrolls of identify {unknown}
 j - 2 scrolls of noise {unknown}
 k - 2 scrolls of brand weapon {unknown}
 q - a scroll of magic mapping {unknown}
 r - a scroll of immolation {unknown}
 s - a scroll of poison {unknown}
 t - a scroll of fear {unknown}
 v - 3 scrolls of vulnerability {unknown}
 w - a scroll of torment {unknown}
 z - a scroll of fog {unknown}
Potions
 b - a potion of magic
 d - 3 potions of heal wounds {unknown}
 e - 2 potions of haste {unknown}
 g - 2 potions of might {unknown}
 l - a potion of brilliance {unknown}
 m - 2 potions of flight {unknown}
 o - a potion of mutation {unknown}
 x - a potion of resistance {unknown}
 B - a potion of degeneration {unknown}


   Skills:
 + Level 2.5 Dodging
 + Level 3.0 Stealth
 + Level 5.0 Spellcasting
 + Level 2.3 Conjurations
 + Level 4.8 Fire Magic


You had 11 spell levels left.
You knew the following spells:

 Your Spells              Type           Power      Damage    Failure   Level
a - Foxfire               Conj/Fire      84%        2x1d8     2%          1
b - Scorch                Fire           52%        2d7       2%          2

Your spell library contained the following spells:

 Spells                   Type           Power      Damage    Failure   Level
 Inner Flame              Hex/Fire       16%        N/A       12%         3
 Volatile Blastmotes      Fire/Tloc      32%        2d12      12%         3
 Flame Wave               Conj/Fire      21%        2d8       24%         4


Dungeon Overview and Level Annotations

Branches:
Dungeon (3/15)

Altars:
Makhleb


Message History

The ogre shouts!
The goblin shouts! x4; You hear a shout!
You conjure some foxfire!
The foxfire hits the goblin!
You kill the goblin!
A goblin comes into view. It is wielding a +0 dagger.
You conjure some foxfire!
A goblin comes into view. It is wielding a +0 dagger.
The foxfire hits the goblin!
You kill the goblin!
The goblin flies into a frenzy!
The goblin hits something with a +0 club.
You feel a bit more experienced.
The goblin hits the goblin with a +0 club.
You conjure some foxfire!
The foxfire hits the goblin.
You kill the goblin!
The goblin flies into a frenzy!
The goblin closely misses the goblin.
The goblin misses the goblin.
Unknown command.
You conjure some foxfire!
The foxfire hits the ogre.
The ogre is lightly wounded.
The goblin completely misses the goblin.
The goblin hits the goblin with a +2 dagger of draining!
The goblin dies!
The ogre hits you with a +0 giant spiked club!
You conjure some foxfire!
The foxfire hits the ogre.
The ogre is moderately wounded.
The goblin hits the goblin with a +2 dagger of draining.
The goblin dies!
The goblin shouts!
Something hits the goblin.
Your Spellcasting skill increases to level 5!
You conjure some foxfire!
The foxfire hits the ogre.
The ogre is heavily wounded.
The ogre closely misses you.
The goblin barely misses the ogre.
You conjure some foxfire!
The foxfire hits the ogre.
The ogre is heavily wounded.
The goblin hits the goblin with a +2 dagger of draining!
The goblin dies!
The ogre hits you with a +0 giant spiked club!!
Ouch! That really hurt!
You die...

.....# ###..............#
#.# ###..#
#.########.#######.# #
#..# .# #.# #....# #..#
### #.# #.#### #..# #..
#.# #.# #..# #.) #.# #.#
#..# #.g #.# #)# #..#
#######O#######.# #.#
###..####......v@.......#
#.#
)...........>..§#########
#.# ###..####.####..# #.#
#§.####.####..# #.#
.§.............# #.#
###v.##########.# #.#
§..# #.# #.#### ####.#
#.# #..... # #.# #.#
#..###


You could see an ogre (ally target) and a neutral goblin (fast, strong, insane,
unaware).

Vanquished Creatures
  Terence (D:3)
  3 gnolls (D:3)
  4 adders
  A dart slug (D:2)
  2 orcs (D:3)
  4 endoplasms
  3 giant cockroaches
  8 goblins
  9 hobgoblins
  9 jackals
  2 kobolds
  A quokka (D:3)
  3 ball pythons
  6 bats
  4 frilled lizards
  4 rats
64 creatures vanquished.

Vanquished Creatures (collateral kills)
  4 goblins (D:3)
4 creatures vanquished.

Vanquished Creatures (others)
  149 foxfires
149 creatures vanquished.

Grand Total: 217 creatures vanquished

Notes
Turn   | Place    | Note
-------+----------+-------------------------------------------
     0 | D:1      | Byczy the Deep Elf Fire Elementalist began the quest for
                  | the Orb.
     0 | D:1      | Reached XP level 1. HP: 10/10 MP: 6/6
   156 | D:1      | Reached XP level 2. HP: 15/15 MP: 4/8
   472 | D:1      | Reached skill level 4 in Spellcasting
   472 | D:1      | Reached XP level 3. HP: 19/19 MP: 0/10
   747 | D:2      | Learned a level 2 spell: Scorch
   820 | D:2      | Found a burning altar of Makhleb.
  1082 | D:2      | Identified the +0 scale mail of Corih {Str+8 Dex+3}
  1349 | D:3      | Reached XP level 4. HP: 24/24 MP: 8/12
  1975 | D:3      | Noticed Terence
  1982 | D:3      | Killed Terence
  1983 | D:3      | Reached XP level 5. HP: 7/28 MP: 7/14
  2107 | D:3      | Noticed an ogre
  2113 | D:3      | Reached skill level 5 in Spellcasting
  2114 | D:3      | Slain by an ogre

Illustrated notes

Levels and vault maps discovered:
D:1:      minmay_arrival_checkered_box, layout_rooms
D:2:      layout_loops_ring, basic_altar
D:3:      layout_loops_ring, minmay_ogre_servants, uniq_terence

Skill      XL: |  1  2  3  4  5 |
---------------+----------------+-----
Spellcasting   | 4 5 |  5.0
Fire Magic     | 4 |  4.8
Conjurations   | 2 |  2.3
Stealth        | 3 |  3.0
Dodging        | |  2.5

Action                     |  1- 3 |  4- 6 || total
---------------------------+-------+-------++-------
  Melee: Unarmed           |     4 |       ||     4
         Dagger            |     4 |       ||     4
   Cast: Foxfire           |    56 |    46 ||   102
         Scorch            |       |     4 ||     4
   Stab: Sleeping          |     1 |       ||     1
 Armour: Robe              |     5 |       ||     5
  Dodge: Dodged            |    33 |    12 ||    45
